 Dungeon Crawl Stone Soup version 0.19-a0-1051-gdb7e7f8 (webtiles) character file.

116661 mistymad the Grappler (level 16, -13/172 HPs)
             Began as a Troll Monk on Aug 1, 2016.
             Mangled by a redback (15 damage)
             ... summoned by a deep elf mage
             ... on level 14 of the Dungeon.
             The game lasted 01:21:26 (24409 turns).

mistymad the Grappler (Troll Monk)                 Turns: 24409, Time: 01:21:27

Health: -13/172    AC: 11    Str: 31    XL:     16   Next: 21%
Magic:  22/22      EV: 17    Int: 14    God:
Gold:   1116       SH:  0    Dex: 14    Spells: 4 memorised, 15 levels left

rFire  + . .     SeeInvis .       - Unarmed
rCold  + + .     Gourm    +     N - +1 robe of the Farrier {Str+4 Int+3}
rNeg   . . .     Faith    .     L - +1 shield
rPois  +         Spirit   .     e - +0 hat
rElec  +         Dismiss  .     M - +2 cloak
rCorr  +         Reflect  +     (gloves unavailable)
SustAt .         Harm     .     (boots unavailable)
MR     +....                    O - +4 amulet of reflection
Stlth  +.........               Y - ring of the Foremost Stars {rC+ Str+4}
                                l - ring of wizardry

@: confused, resistant, drained, somewhat resistant to hostile enchantments,
very unstealthy
A: unfitting armour, claws 3, rugged brown scales 1, thin skeletal structure 1,
fast metabolism 3, gourmand, low mp 1, regeneration 2, shaggy fur 2, tough skin
2
a: no special abilities


You were on level 14 of the Dungeon.
You were very full.

You visited 4 branches of the dungeon, and saw 23 of its levels.
You also visited: Bailey, Ice Cave and Volcano.

You collected 2591 gold pieces.
You spent 1475 gold pieces at shops.

Inventory:

Missiles
 z - a throwing net
 P - 5 large rocks (quivered)
 S - 3 javelins
Armour
 e - a +0 hat (worn)
 m - a +0 robe of the Archmagi
 L - a +1 shield (worn)
 M - a +2 cloak (worn)
 N - the +1 robe of the Farrier (worn) {Str+4 Int+3}
   (You bought it in a shop on level 2 of the Orcish Mines)

   It affects your strength (+4).
   It affects your intelligence (+3).
 U - a +2 robe of magic resistance
Magical Staves
 I - an uncursed staff of earth
Jewellery
 l - a ring of wizardry (left claw)
 A - an uncursed ring of positive energy
 D - an uncursed ring of protection from fire
 O - a +4 amulet of reflection (around neck)
 T - an uncursed ring of see invisible
 Y - the ring of the Foremost Stars (right claw) {rC+ Str+4}
   (You bought it in a shop on level 2 of the Orcish Mines)

   [ring of protection from cold]

   It affects your strength (+4).
   It protects you from cold.
Wands
 d - a wand of flame (14/48)
 h - a wand of slowing (19/48)
 q - a wand of confusion (33/48)
 r - a wand of lightning (6/15)
 Q - a wand of polymorph (17/24)
 R - a wand of digging (12/24)
 X - a wand of lightning (7/15)
Scrolls
 a - 9 scrolls of enchant weapon
 f - 13 scrolls of remove curse
 i - 16 scrolls of identify
 j - 5 scrolls of recharging
 s - a scroll of enchant armour
 w - 10 scrolls of teleportation
 x - 6 scrolls of amnesia
 y - 7 scrolls of fear
 J - a scroll of blinking
 K - 3 scrolls of magic mapping
Potions
 t - a potion of resistance
 v - 3 potions of flight
 B - a potion of might
 C - a potion of haste
 E - 4 potions of brilliance
 H - a potion of agility
Miscellaneous
 n - a lamp of fire
 F - a phial of floods
 W - a sack of spiders
Comestibles
 b - 12 bread rations
 c - 23 beef jerkies
 g - 15 meat rations
 k - 9 fruits
 p - 4 slices of pizza
 u - 17 royal jellies


   Skills:
 - Level 12.4(11.4) Fighting
 - Level 12.3(11.3) Dodging
 - Level 1.1(0.3) Stealth
 - Level 11.9(10.9) Shields
 - Level 14.4(13.3) Unarmed Combat
 - Level 6.8(6.0) Spellcasting
 + Level 0.8(0.0) Charms
 + Level 1.2(0.4) Translocations
 + Level 1.3(0.5) Earth Magic


You had 15 spell levels left.
You knew the following spells:

 Your Spells              Type           Power        Failure   Level  Hunger
a - Repel Missiles        Chrm/Air       #.....       10%         2    #......
b - Blink                 Tloc           N/A          10%         2    #......
c - Ozocubu's Armour      Chrm/Ice       #.......     21%         3    ###....
d - Statue Form           Tmut/Erth      #........    100%        6    #######


Dungeon Overview and Level Annotations

Branches:
Dungeon (14/15) Temple (1/1) D:5 Lair (6/6) D:9 Shoals (0/4) Lair:4 Spider (0/4) Lair:4 Slime (0/5) Lair:6 Orc (2/2) D:12 Elf (0/3) Orc:2 Vaults (0/5) D:12 D:13

Altars:
Ashenzari
Cheibriados
Dithmenos
Elyvilon
Fedhas
Gozag
Hepliaklqana
Kikubaaqudgha
Makhleb
Nemelex Xobeh
Okawaru
Pakellas
Qazlal
Ru
Sif Muna
Trog
Uskayaw
Vehumet
Xom
Yredelemnul
Zin
The Shining One

Shops:
D:7 *   Orc:2 [?:=

Portals:
Trove: D:12 (show abyssal rune of Zot)

Annotations:
Lair:1 exclusion: hydra


Innate Abilities, Weirdness & Mutations

You are too large for most types of armour.
You have claws for hands.
Your metabolism is lightning-fast.
You like to eat raw meat.
You heal very quickly.
You are covered in thick fur. (AC +2)
You have very tough skin. (AC +2)
You are partially covered in rugged brown scales. (AC +1, +3% HP)
You have a somewhat thin skeletal structure. (Dex +2, Stealth)
Your magical capacity is low. (-10% MP)


Message History

A slime creature suddenly becomes a large slime creature.
The demonic crawler hits you but does no damage.
The demonic crawler misses you.
The demonic crawler hits you but does no damage.
The crimson imp blinks!
The hell rat closely misses you.
You take 30 damage, and have 22/172 hp.
Okay, then.
You're too confused!
Unknown command.
You miss the redback. The redback barely misses you.
The tarantella barely misses you. The yak gores you!
* * * LOW HITPOINT WARNING * * *
The yak misses you. The yak gores you but does no damage.
The demonic crawler hits you but does no damage.
The demonic crawler hits you.
* * * LOW HITPOINT WARNING * * *
The demonic crawler hits you but does no damage.
You take 21 damage, and have 1/172 hp.
You're too confused to move!
The redback bites you!
You die...

################
.Y.......$......
J...............
Y..J....5.......
..Y..5..........
..####J..#......
#..Y3YJ# .....
#.YYs5.# ....
#.Y@er.#............
#.srs..#............
#..4...#............
#....[.+............
#......#............
#......#............
#......#......ยง...W.
#......#........W...
#......######W######


You could see a large slime creature, a slime creature, a demonic crawler, a
hellwing, a deep elf mage, 5 yaks, a neqoxec, a tarantella, a redback, 2 hell
rats, a crimson imp and a white imp.

Vanquished Creatures
  Rupert (D:12)
  A fire giant (D:13)
  An orc warlord (D:12)
  2 frost giants
  The ghost of mistymad the Grappler, a journeyman TrMo (Lair:4)
  The ghost of Gagarin the Nimble, a journeyman DrCj of Sif Muna (Lair:4)
  An ettin (Orc:1)
  Snorg (D:12)
  Josephine (Orc:1)
  A fire dragon (Lair:6)
  4 ogre magi (Orc:2)
  An ice dragon (Lair:4)
  2 catoblepae (D:13)
  4 hydras
  A death knight (D:12)
  A centaur warrior (D:12)
  3 death yaks
  Nergalle (Orc:1)
  An orc high priest (Orc:2)
  A sun demon (Volcano)
  2 skeletal warriors
  An unseen horror (D:8)
  6 hill giants
  2 lindwurms (Lair:6)
  A wizard (D:14)
  An orb spider (Lair:4)
  2 phantasmal warriors (D:14)
  4 orc knights
  A cyclops (D:14)
  A toenail golem (Volcano)
  2 ugly things
  A griffon (Lair:5)
  Maurice (D:8)
  8 elephants
  2 black mambas
  An ice statue (IceCv)
  2 gargoyles
  2 molten gargoyles (Volcano)
  8 torpor snails
  5 spiny frogs
  3 kobold demonologists
  7 rime drakes
  6 komodo dragons
  3 freezing wraiths
  A queen bee (Lair:4)
  4 giant leeches (Lair:6)
  27 polar bears
  2 red devils (Volcano)
  Grinder (D:3)
  12 two-headed ogres
  8 trolls
  3 meliai (Lair:4)
  A hornet zombie (D:14)
  A boulder beetle (Lair:2)
  4 raiju (Lair:6)
  9 blink frogs (Lair:1)
  5 slime creatures
  A spriggan (D:9)
  5 wraiths
  2 shadows
  8 wyverns
  44 yaks
  A centaur simulacrum (D:11)
  16 humans (D:12)
  8 basilisks
  2 fire bats (Volcano)
  A vampire mosquito (D:13)
  14 hippogriffs
  A hungry ghost (D:13)
  Edmund (D:6)
  A mottled dragon (D:11)
  Menkaure (D:4)
  12 wargs
  7 water moccasins
  Duvessa (D:7)
  5 porcupines
  7 hell hounds
  30 orc warriors
  4 sky beasts
  31 ogres
  4 ice beasts
  6 wasps (Lair:6)
  13 black bears (Lair:6)
  2 phantoms
  40 wolves
  A necrophage (D:9)
  6 centaurs
  11 crocodiles
  3 big kobolds
  4 gnoll sergeants
  Dowan (D:7)
  2 wyvern zombies
  19 giant frogs
  5 scorpions
  16 killer bees (Lair:4)
  5 wights (D:8)
  8 electric eels
  9 crimson imps
  A giant frog zombie (D:6)
  2 howler monkeys
  6 jellies
  5 centaur zombies
  5 giant frog skeletons
  21 hounds
  4 centaur skeletons
  14 orc priests
  9 iguanas
  23 orc wizards
  6 worker ants
  A killer bee zombie (D:10)
  9 sheep
  A hound skeleton (D:9)
  3 hound zombies
  15 gnolls
  60 river rats
  6 adders
  3 shadow imps
  An ooze (D:2)
  An adder skeleton (D:8)
  4 worms
  A dart slug (D:3)
  4 giant geckos
  65 orcs
  4 bats
  6 giant cockroaches
  4 goblins
  5 hobgoblins
  9 jackals
  5 quokkas
  A ball python (D:1)
  A giant gecko skeleton (D:5)
  A giant gecko zombie (D:5)
  4 giant newts
  17 kobolds
  A quokka skeleton (D:5)
  9 rats
  A plant (Lair:6)
876 creatures vanquished.

Vanquished Creatures (collateral kills)
  2 big kobolds (D:10)
  An orc (D:10)
  2 kobolds (D:10)
5 creatures vanquished.

Vanquished Creatures (others)
  Nessos (D:12)
  A cyclops (D:11)
  A spiny frog (Lair:4)
  A hungry ghost (D:2)
  3 orc warriors (Bailey)
  A centaur (D:8)
  An orc priest (Orc:1)
  A river rat (Lair:4)
  6 orcs (Bailey)
  A fulminant prism (Lair:4)
  15 fungi
  37 plants
69 creatures vanquished.

Grand Total: 950 creatures vanquished

Notes
Turn   | Place    | Note
-------+----------+-------------------------------------------
     0 | D:1      | mistymad the Troll Monk began the quest for the Orb.
     0 | D:1      | Reached XP level 1. HP: 22/22 MP: 0/0
   275 | D:1      | Reached XP level 2. HP: 29/29 MP: 1/1
   602 | D:2      | Reached XP level 3. HP: 36/36 MP: 2/2
   891 | D:2      | Found an oddly glowing altar of Pakellas.
   904 | D:2      | Noticed a hungry ghost
   943 | D:2      | Killed a hungry ghost
  1150 | D:3      | Reached XP level 4. HP: 20/45 MP: 3/3
  1353 | D:3      | Noticed Grinder
  1365 | D:3      | Killed Grinder
  1365 | D:3      | Reached skill level 4 in Unarmed Combat
  1365 | D:3      | Reached XP level 5. HP: 42/54 MP: 4/4
  1365 | D:3      | Reached XP level 6. HP: 49/62 MP: 5/5
  1408 | D:3      | Found an opulent altar of Gozag.
  1738 | D:4      | Noticed Menkaure
  1741 | D:4      | Killed Menkaure
  1741 | D:4      | Reached skill level 5 in Unarmed Combat
  1995 | D:4      | Reached XP level 7. HP: 65/71 MP: 6/6
  2071 | D:5      | Entered Level 5 of the Dungeon
  2093 | D:5      | Found a staircase to the Ecumenical Temple.
  2123 | Temple   | Entered the Ecumenical Temple
  2813 | D:5      | Reached skill level 5 in Fighting
  2887 | D:6      | Reached skill level 5 in Dodging
  2887 | D:6      | Reached skill level 6 in Unarmed Combat
  2943 | D:6      | Reached XP level 8. HP: 80/80 MP: 7/7
  3031 | D:6      | Noticed Edmund
  3048 | D:6      | Killed Edmund
  3169 | D:6      | Found a shattered altar of Ashenzari.
  3172 | D:6      | Found a sacrificial altar of Ru.
  3174 | D:6      | Found a glowing golden altar of the Shining One.
  3599 | D:6      | Reached skill level 7 in Unarmed Combat
  3861 | D:6      | Found a blossoming altar of Fedhas.
  4064 | D:7      | Found a snail-covered altar of Cheibriados.
  4287 | D:7      | Reached XP level 9. HP: 89/89 MP: 8/8
  4496 | D:7      | Gained mutation: Your magical capacity is low. (-10% MP) [mutagenic meat]
  4499 | D:7      | Gained mutation: You are partially covered in large bone plates. (AC +2, SH +2) [mutagenic meat]
  4561 | D:7      | Noticed Duvessa
  4561 | D:7      | Noticed Dowan
  4571 | D:7      | Killed Duvessa
  4582 | D:7      | Killed Dowan
  4685 | D:7      | Found Miket's General Store.
  4933 | D:8      | Reached skill level 8 in Unarmed Combat
  5229 | D:8      | Killed an unseen horror
  5229 | D:8      | Reached skill level 1 in Shields
  5232 | D:8      | HP: 4/93 [wyvern (7)]
  5238 | D:8      | HP: 5/139 [yak (4)]
  5654 | D:8      | Reached XP level 10. HP: 46/102 MP: 8/8
  5916 | D:8      | Noticed Maurice
  5931 | D:8      | Killed Maurice
  6469 | D:9      | Reached skill level 9 in Unarmed Combat
  6817 | D:9      | Found a staircase to the Lair.
  7460 | D:9      | Found a basalt altar of Yredelemnul.
  7682 | D:10     | Entered Level 10 of the Dungeon
  7728 | D:10     | Found a flagged portal.
  7789 | D:10     | Reached XP level 11. HP: 111/111 MP: 8/8
  7806 | D:10     | Reached skill level 10 in Unarmed Combat
  7851 | Bailey   | Entered a bailey
  8186 | Bailey   | Noticed an orc knight
  8211 | Bailey   | Killed an orc knight
  8430 | D:10     | Noticed a hill giant
  8437 | D:10     | Killed a hill giant
  8517 | D:10     | Reached skill level 5 in Shields
  8639 | D:10     | Noticed a hill giant
  8652 | D:10     | Killed a hill giant
  8663 | D:10     | Noticed a hill giant
  8668 | D:10     | Killed a hill giant
  9150 | D:11     | Noticed a red ugly thing
  9159 | D:11     | Killed a red ugly thing
  9428 | D:11     | Reached XP level 12. HP: 123/123 MP: 8/16
  9974 | D:12     | Found a portal to a secret trove of treasure.
  9985 | D:12     | Reached skill level 5 in Spellcasting
  9985 | D:12     | Reached XP level 13. HP: 110/131 MP: 17/17
 10029 | D:12     | Reached skill level 11 in Unarmed Combat
 10182 | Lair:1   | Entered Level 1 of the Lair of Beasts
 11134 | Lair:2   | Found a dark tunnel.
 11139 | Volcano  | Entered a volcano
 11320 | Volcano  | Found a bloodstained altar of Trog.
 12072 | Lair:2   | Reached skill level 10 in Dodging
 13251 | Lair:4   | Reached skill level 10 in Fighting
 13302 | Lair:4   | Noticed mistymad's ghost (journeyman TrMo)
 13305 | Lair:4   | Noticed Gagarin's ghost (journeyman DrCj)
 13325 | Lair:4   | Killed mistymad's ghost
 13355 | Lair:4   | Found a staircase to the Shoals.
 13730 | Lair:4   | Found a frozen archway.
 13759 | Lair:4   | Reached skill level 12 in Unarmed Combat
 13769 | Lair:4   | Reached skill level 10 in Shields
 13897 | IceCv    | Entered an ice cave
 14149 | IceCv    | Reached XP level 14. HP: 135/144 MP: 18/18
 14591 | IceCv    | Gained mutation: You have a somewhat thin skeletal structure. (Dex +2, Stealth) [potion of mutation]
 14591 | IceCv    | Gained mutation: You are covered in thick fur. (AC +2) [potion of mutation]
 14591 | IceCv    | Gained mutation: Your magical capacity is very low. (-20% MP) [potion of mutation]
 14768 | IceCv    | Noticed a frost giant
 14783 | IceCv    | Killed a frost giant
 15009 | Lair:4   | Learned a level 2 spell: Repel Missiles
 15012 | Lair:4   | Learned a level 2 spell: Blink
 15096 | Lair:4   | Killed Gagarin's ghost
 15517 | Lair:4   | Found a hole to the Spider Nest.
 16630 | Lair:5   | Reached skill level 13 in Unarmed Combat
 16973 | Lair:6   | Entered Level 6 of the Lair of Beasts
 17540 | Lair:6   | Found a staircase to the Slime Pits.
 18090 | Lair:6   | Reached XP level 15. HP: 107/154 MP: 17/17
 18889 | Lair:6   | Found a runed door.
 19608 | D:12     | Noticed Rupert
 19792 | D:12     | Killed Rupert
 19917 | D:12     | Noticed Nessos
 19931 | D:12     | Killed Nessos
 20021 | D:12     | Noticed Snorg
 20046 | D:12     | Killed Snorg
 20285 | D:12     | Found a staircase to the Orcish Mines.
 20502 | D:13     | Found a gate to the Vaults.
 20969 | D:13     | Reached skill level 14 in Unarmed Combat
 21389 | D:13     | Lost mutation: You are partially covered in large bone plates. (AC +2, SH +2) [potion of mutation]
 21389 | D:13     | Lost mutation: Your magical capacity is very low. (-20% MP) [potion of mutation]
 21389 | D:13     | Gained mutation: You are partially covered in rugged brown scales. (AC +1, +3% HP) [potion of mutation]
 21453 | D:13     | Noticed a fire giant
 21458 | D:13     | Noticed a frost giant
 21463 | D:13     | Killed a fire giant
 21471 | D:13     | Killed a frost giant
 22108 | Orc:1    | Entered Level 1 of the Orcish Mines
 22108 | Orc:1    | Noticed an orc warlord
 22208 | D:12     | Killed an orc warlord
 22420 | Orc:1    | Noticed Josephine
 22548 | Orc:1    | Killed Josephine
 22839 | Orc:1    | Noticed Nergalle
 22853 | Orc:1    | Killed Nergalle
 22974 | Orc:1    | Learned a level 3 spell: Ozocubu's Armour
 23152 | Orc:2    | Entered Level 2 of the Orcish Mines
 23212 | Orc:2    | Reached XP level 16. HP: 159/170 MP: 22/22
 23742 | Orc:2    | Found Meiddumpuf's Magic Scroll Emporium.
 23742 | Orc:2    | Found Deanaesui's Jewellery Shop.
 23744 | Orc:2    | Found Mujagaj's Antique Armour Boutique.
 23744 | Orc:2    | Found Ceyrhos's Book Emporium.
 23773 | Orc:2    | Bought a book of Transfigurations for 770 gold pieces
 23780 | Orc:2    | Learned a level 6 spell: Statue Form
 23783 | Orc:2    | Bought a smoking robe for 125 gold pieces
 23783 | Orc:2    | Bought a glowing robe for 15 gold pieces
 23803 | Orc:2    | Identified the +1 robe of the Farrier {Str+4 Int+3} (You bought it in a shop on level 2 of the Orcish Mines)
 23852 | Orc:2    | Bought the ring of the Foremost Stars {rC+ Str+4} for 565 gold pieces
 23945 | Orc:2    | Reached skill level 1 in Earth Magic
 23990 | Orc:2    | Found a staircase to the Elven Halls.
 24234 | D:14     | Reached skill level 1 in Translocations
 24408 | D:14     | HP: 7/172 [yak (16)]
 24408 | D:14     | HP: 1/172 [demonic crawler[a deep elf mage] (6)]
 24409 | D:14     | Mangled by a redback

Vault maps used:
D:1:      matt_arrival_spirals
D:2:      st_stairs_9, gammafunk_pakellas_cloud_experiment
D:3:      nicolae_overflow_crystal_walls, minmay_misc_feat_columns, uniq_grinder
D:4:      first_bread, minmay_misc_feat_doors, minivault_24, uniq_menkaure
D:6:      kennysheep_mini, grunt_temple_overflow_open, nicolae_zen_rock_garden,
          minivault_27, minivault_1, uniq_edmund
D:7:      serial_shops, nicolae_shop_behind_doors, cheibriados_altar_1,
          uniq_duvessa
D:8:      minmay_blocky_corners, uniq_maurice
D:9:      kennysheep_little_box, erik_lair_island, the_bakery,
          minmay_item_behind_shaft
D:10:     enter_bailey_2
D:11:     minmay_diamond_stairs
D:12:     erik_orc_2, enter_trove_1, uniq_snorg, uniq_nessos, uniq_rupert
D:13:     david_vaults_3, minmay_checkered_concentric_circles
D:14:     grunt_ministairs_14, nicolae_transmutations_shop
Temple:   eino_temple_scatter_basement
Lair:1:   grunt_megastairs_5
Lair:2:   enter_volcano_4, serial_bayou, serial_bayou_shore_a,
          serial_bayou_pond_d, serial_bayou_lagoon_a, serial_bayou_pond_b,
          serial_bayou_pond_d, serial_bayou_pond_d
Lair:3:   minmay_lair_oklob_chamber, serial_bayou_shore_b
Lair:4:   elwin_shoals_entry_rocks, nicolae_spider_entry_orb_guardian,
          special_room, portal_ice_cave_entry_animals_and_master
Lair:5:   grunt_megastairs_3
Lair:6:   wormcave, hangedman_lair_caniforms_friends, minmay_slime_entry_pillars
Orc:1:    guppyfry_library_mini, uniq_josephine, uniq_nergalle
Orc:2:    st_orc_ogre_mass
Bailey:   bailey_polearm_2, bailey
IceCv:    ice_cave_caverns_01
Volcano:  volcano_lake

Skill      XL: |  1  2  3  4  5  6  7  8  9 10 11 12 13 14 15 16 |
---------------+-------------------------------------------------+-----
Fighting       | 3 4 5 6 7 8 9 10 11 12 | 12.4
Dodging        | 3 4 5 6 7 8 9 10 11 12 | 12.3
Unarmed Combat | 4 5 6 7 8 9 10 12 13 14 | 14.4
Shields        | 2 4 6 7 10 11 | 11.9
Spellcasting   | 4 5 6 |  6.8
Earth Magic    | 1 |  1.3
Translocations | 1 |  1.2
Stealth        | |  1.1
Charms         | |  0.8

Action                   |  1- 3 |  4- 6 |  7- 9 | 10-12 | 13-15 | 16-18 || total
-------------------------+-------+-------+-------+-------+-------+-------++-------
Melee: Unarmed           |   110 |    53 |   335 |   558 |  2175 |   218 ||  3449
       Punch             |     1 |     3 |     9 |       |       |       ||    13
Throw: Throwing net      |       |       |     1 |       |       |       ||     1
       Large rock        |       |       |       |       |     8 |       ||     8
 Cast: Repel Missiles    |       |       |       |       |     1 |     1 ||     2
Evoke: Wand              |       |       |       |       |    14 |     1 ||    15
       Phial of floods   |       |       |       |       |     1 |       ||     1
  Use: Scroll            |       |       |     7 |    15 |    12 |       ||    34
       Potion            |       |       |     2 |     2 |    10 |     2 ||    16
 Stab: Sleeping          |     1 |       |     2 |     2 |    10 |       ||    15
       Distracted        |       |       |     1 |       |     1 |       ||     2
       Petrifying        |       |       |       |       |     2 |       ||     2
  Eat: Chunk             |    16 |     8 |    35 |    41 |   124 |    11 ||   235
Armor: Robe              |    53 |    11 |    63 |   104 |   213 |    36 ||   480
       Skin              |       |       |     7 |       |   204 |       ||   211
       Ice dragon hide   |       |       |       |       |    48 |       ||    48
Dodge: Dodged            |    76 |    25 |   130 |   156 |   731 |    99 ||  1217
       Deflected         |       |       |       |       |     1 |     2 ||     3
Block: Other             |       |       |    14 |       |       |       ||    14
       Shield            |       |       |    38 |   375 |  1798 |   126 ||  2337
       Reflection        |       |       |       |    47 |    28 |     1 ||    76
